 Dungeon Crawl Stone Soup version 0.23-a0-87-g5f73bc1 (webtiles) character file.

164 digijack the Sneak (level 5, 0/27 HPs)
             Began as a Vine Stalker Assassin on Aug 14, 2018.
             Was an Initiate of Wu Jian.
             Slain by an ogre
             ... wielding a +0 giant club
              (15 damage)
             ... on level 3 of the Dungeon.
             The game lasted 00:16:49 (2804 turns).

digijack the Sneak (Vine Stalker Assassin)          Turns: 2804, Time: 00:16:50

Health: 0/27       AC:  5    Str: 14    XL:     5   Next: 45%
Magic:  0/6        EV: 12    Int: 11    God:    Wu Jian [......]
Gold:   113        SH:  0    Dex: 16    Spells: 4/4 levels left

rFire    + . .     SeeInvis .   a - +2 dagger
rCold    . . .     Gourm    .   (no shield)
rNeg     . . .     Faith    .   i - +2 robe {rF+}
rPois    .         Spirit   +   (no helmet)
rElec    .         Reflect  .   d - +0 cloak
rCorr    +         Harm     .   (no gloves)
MR       .....                  (no boots)
Stlth    +++.......             (no amulet)
HPRegen  0.49/turn              m - ring of resist corrosion
MPRegen  0.10/turn              (no ring)

@: no status effects
A: fangs 2, regeneration 1, magic shield, antimagic bite, no potion heal 3, rot
immunity
a: Renounce Religion


You were on level 3 of the Dungeon.
You worshipped Wu Jian.
Wu Jian was noncommittal.
You were not hungry.

You visited 1 branch of the dungeon, and saw 3 of its levels.

You collected 113 gold pieces.

Inventory:

Hand Weapons
 a - a +2 dagger (weapon)
 j - a +0 short sword
Missiles
 b - 32 stones (quivered)
Armour
 d - a +0 cloak (worn)
 i - a +2 robe of fire resistance (worn)
 k - a +2 shield
Jewellery
 m - a ring of resist corrosion (left hand)
Scrolls
 e - a scroll of magic mapping
 f - a scroll of amnesia
 h - 4 scrolls of identify
 l - a scroll of teleportation
Comestibles
 c - a chunk of flesh
 g - 4 rations


   Skills:
 + Level 2.6 Fighting
 + Level 2.7 Short Blades
 - Level 1.7 Throwing
 + Level 1.8 Dodging
 * Level 6.5 Stealth


You had 4 spell levels left.
You didn't know any spells.
Your spell library was empty.

Dungeon Overview and Level Annotations

Branches:
Dungeon (3/15)

Altars:
Wu Jian


Innate Abilities, Weirdness & Mutations

You have extremely sharp teeth.
Your natural rate of healing is unusually fast.
When hurt, damage is shared between your health and your magic reserves.
Your bite disrupts and absorbs the magic of your enemies.
Potions cannot restore your health.
You are immune to rotting.


Message History

There is a stone staircase leading up here.
You hit the ogre.
The ogre is lightly wounded.
You closely miss the ogre. You bite the ogre. You drain its power.
The ogre is moderately wounded.
The ogre hits you with a giant club.
You aren't carrying any potions.
As you read the scroll of fear, it crumbles to dust.
You assume a fearsome visage.
The ogre looks frightened!
You lunge at the ogre.
You hit the ogre.
Your attack snaps the ogre out of its fear.
The ogre is moderately wounded.
The ogre hits you with a giant club!
You hit the ogre. You bite the ogre, but do no damage.
The ogre is heavily wounded.
Okay, then.
There is a stone staircase leading up, spattered with blood here.
The ogre hits you with a giant club!!
Ouch! That really hurt!
You die...

#####..........##.##
..............####.#
#####..........##_## ###
#..........#.##
..###..........##.##
.K..............##.#
####.#..........#.##
#.#.........O#.#
#.#.........#@.#
#.#...###...#.###
..#........##...###########
#.#.#.......###...........#
g.#......#................#
#...#.....##............#
#######..#.###..###..........#
.....###...####.# #..........#
<..### #....# #.# #####.######


You could see an ogre.

Vanquished Creatures
  Terence (D:2)
  A worker ant (D:2)
  4 adders
  An ooze (D:2)
  An adder skeleton (D:2)
  3 dart slugs
  A leopard gecko (D:1)
  4 orcs (D:3)
  A giant cockroach (D:1)
  7 goblins
  6 hobgoblins
  7 jackals
  2 quokkas (D:3)
  5 bats
  7 frilled lizards
  9 kobolds
  6 rats
66 creatures vanquished.

Notes
Turn   | Place    | Note
-------+----------+-------------------------------------------
     0 | D:1      | digijack the Vine Stalker Assassin began the quest for the Orb.
     0 | D:1      | Reached XP level 1. HP: 11/11 MP: 2/2
     5 | D:1      | Noticed a vampire
     5 | D:1      | Noticed a troll
     7 | D:1      | Noticed a gargoyle
     7 | D:1      | Noticed an octopode
     9 | D:1      | Noticed a felid
     9 | D:1      | Noticed a ghoul
    11 | D:1      | Noticed a draconian
    11 | D:1      | Noticed a naga
    13 | D:1      | Noticed a formicid
    13 | D:1      | Noticed an elf
    15 | D:1      | Noticed a merfolk
    17 | D:1      | Noticed a centaur
    19 | D:1      | Noticed a dwarf
    19 | D:1      | Noticed a vine stalker
    21 | D:1      | Noticed a demigod
    23 | D:1      | Noticed a demonspawn
    23 | D:1      | Noticed a tengu
    25 | D:1      | Noticed a halfling
    27 | D:1      | Noticed a human
    27 | D:1      | Noticed an ogre
    29 | D:1      | Noticed a minotaur
    29 | D:1      | Noticed a spriggan
   270 | D:1      | Reached skill level 5 in Stealth
   277 | D:1      | Reached skill level 1 in Dodging
   277 | D:1      | Reached XP level 2. HP: 9/15 MP: 3/3
   838 | D:1      | Reached XP level 3. HP: 12/18 MP: 2/4
  1568 | D:2      | Noticed Terence
  1591 | D:2      | Killed Terence
  1591 | D:2      | Gained mutation: Your natural rate of healing is unusually fast. [Vine Stalker growth]
  1591 | D:2      | Reached XP level 4. HP: 23/23 MP: 5/5
  1903 | D:2      | Found an ornate altar of the Wu Jian Council.
  1939 | D:2      | Reached skill level 6 in Stealth
  2149 | D:2      | Reached XP level 5. HP: 27/27 MP: 6/6
  2460 | D:3      | Found a faded altar of an unknown god.
  2605 | D:2      | Became a worshipper of the Wu Jian Council
  2698 | D:3      | Noticed an ogre
  2804 | D:3      | Slain by an ogre

Vault maps used:
D:1:      kb_arrival_jail, minivault_4
D:2:      nicolae_overflow_hidden_temple, uniq_terence
D:3:      minmay_wonky_spiral, first_ration, chequers_ecumenical_altar_twisty

Skill      XL: |  1  2  3  4 |
---------------+-------------+-----
Stealth        | 5 6 |  6.5
Dodging        | 1 |  1.8
Fighting       | 2 |  2.6
Short Blades   | 2 |  2.7
Throwing       | |  1.7

Action                   |  1- 3 |  4- 6 || total
-------------------------+-------+-------++-------
Melee: Dagger            |    74 |   123 ||   197
       Bite              |    18 |    28 ||    46
Invok: Lunge             |       |     4 ||     4
  Use: Scroll            |     4 |     3 ||     7
       Potion            |     1 |     3 ||     4
 Stab: Sleeping          |    12 |    10 ||    22
  Eat: Chunk             |     2 |     4 ||     6
Armor: Robe              |    11 |    28 ||    39
Dodge: Dodged            |    30 |    62 ||    92

Table legend:
 A = Non-vault XP
 B = Vault XP
 C = Vault XP percentage of total XP
 D = Non-vault monster count
 E = Vault monster count
 F = Vault count percentage of total count
 G = Total turns spent on level
                 A         B        C        D         E       F
            +---------+---------+-------+---------+---------+-------
      Total |     199 |      36 |  15.3 |      65 |       1 |   1.5
            +---------+---------+-------+---------+---------+-------
        D:1 |      52 |       0 |   0.0 |      29 |       0 |   0.0
        D:2 |      88 |      36 |  29.0 |      16 |       1 |   5.9
        D:3 |      59 |       0 |   0.0 |      20 |       0 |   0.0
            +---------+---------+-------+---------+---------+-------
